 Dungeon Crawl Stone Soup version 0.30-a0-135-g630cfc4551 (webtiles) character file.

Game seed: 15258351405506457895

310252 tsouns the Warrior (level 20, -11/151 HPs)
             Began as a Demonspawn Chaos Knight on July 28, 2022.
             Was a Favourite Plaything of Xom.
             Killed from afar by an ironbound thunderhulk (31 damage)
             ... with a bolt of lightning
             ... on level 2 of the Vaults on Sept 20, 2022.
             The game lasted 02:28:35 (44315 turns).

tsouns the Warrior (Demonspawn Chaos Knight)       Turns: 44315, Time: 02:28:36

Health: -11/151    AC: 17    Str: 14    XL:     20   Next: 39%
Magic:  36/36      EV: 27    Int: 26    God:    Xom [...*..]
Gold:   3314       SH:  5    Dex: 35    Spells: 16/29 levels left

rFire   . . .      SeeInvis +    E - +4 morningstar (vamp)
rCold   + + .      Faith    .    (no shield)
rNeg    . . .      Spirit   .    U - quicksilver dragon scales
rPois   .          Reflect  +    (helmet unavailable)
rElec   .          Harm     .    (cloak unavailable)
rCorr   .          Rampage  .    (gloves unavailable)
Will    ++...                    l - +0 pair of boots
Stlth   ++........               i - amulet of Ashenzari's Envy {Reflect +Blink Int-4 Dex+9 SH+5}
HPRegen 1.15/turn                M - ring "Vukuygg" {rC++ Int+6 Dex+4 SInv}
MPRegen 0.25/turn                B - ring "Kaoth" {MP+9 Int+5 Dex+5}

@: hasted, unable to drink, very quick
A: antennae 3, demonic guardian 2, ignite blood 3, bedeviling, weakness stinger
3, demonic touch 3, fangs 1, talons 1, agile 1, frail 1, regeneration 1,
evolution 1, inability to drink after injury 1, MP-powered wands
}: 2/15 runes: barnacled, gossamer
a: Renounce Religion, Evoke Blink


You were on level 2 of the Vaults.
You worshipped Xom.
You were a favourite toy of Xom.
You visited 6 branches of the dungeon, and saw 32 of its levels.
You also visited: Gauntlet and Desolation.

You collected 4275 gold pieces.
You spent 961 gold pieces at shops.

Inventory:

Hand Weapons
 z - the +7 dire flail of Xixkyg Ofall {vorpal, rElec Dex+5}
   (You bought it in a shop on level 2 of the Orcish Mines)

   It inflicts extra damage upon your enemies.
   Dex:       It affects your dexterity (+5).
   rElec:     It insulates you from electricity.
 C - a +5 dire flail of chaos
 E - a +4 vampiric morningstar (weapon)
 O - a +4 arbalest of freezing
Missiles
 b - 23 javelins (quivered)
 I - 3 throwing nets
Armour
 l - a +0 pair of boots (worn)
 N - +1 swamp dragon scales
 T - the +3 troll leather armour of the Hidden Allies {Rampage Regen+ Str+4}
   (You took it off a minotaur in a Gauntlet)

   Str:       It affects your strength (+4).
   Regen:     It increases your rate of health regeneration.
   Rampage:   It bestows one free step when moving towards enemies.
 U - quicksilver dragon scales (worn)
Jewellery
 i - the amulet of Ashenzari's Envy (around neck) {Reflect +Blink Int-4 Dex+9 SH+5}
   (You found it in the Desolation of Salt)

   [amulet of reflection]

   It reflects blocked missile attacks.
   Int:       It affects your intelligence (-4).
   Dex:       It affects your dexterity (+9).
   +Blink:    It lets you blink.
   SH:        It affects your SH (+5).
 n - the amulet "Enexutug" {Acrobat Dex+2}
   (Xom gifted it to you on level 8 of the Dungeon)

   [amulet of the acrobat]

   It increases your evasion while moving and waiting.
   Dex:       It affects your dexterity (+2).
 B - the ring "Kaoth" (right hand) {MP+9 Int+5 Dex+5}
   (You found it in a Gauntlet)

   [ring of magical power]

   Int:       It affects your intelligence (+5).
   Dex:       It affects your dexterity (+5).
   MP:        It affects your magic capacity (+9).
 M - the ring "Vukuygg" (left hand) {rC++ Int+6 Dex+4 SInv}
   (You found it on level 2 of the Shoals)

   [ring of intelligence]

   Int:       It affects your intelligence (+6).
   Dex:       It affects your dexterity (+4).
   rC:        It greatly protects you from cold.
   SInv:      It lets you see invisible.
 S - the amulet "Cyoc" {Reflect Will+ rCorr Str+7 SH+5 Stlth-}
   (You found it in the Desolation of Salt)

   [amulet of reflection]

   It reflects blocked missile attacks.
   Str:       It affects your strength (+7).
   rCorr:     It protects you from acid and corrosion.
   SH:        It affects your SH (+5).
   Will:      It increases your willpower.
   Stlth:     It makes you less stealthy.
Wands
 h - a wand of digging (18)
 q - a wand of polymorph (7)
 u - a wand of iceblast (3)
 A - a wand of mindburst (3)
 F - a wand of charming (14)
 J - a wand of quicksilver (2)
Scrolls
 f - 7 scrolls of teleportation
 g - a scroll of brand weapon
 m - 5 scrolls of amnesia
 p - 3 scrolls of vulnerability
 s - 5 scrolls of fog
 t - 2 scrolls of blinking
 y - 5 scrolls of fear
 D - 6 scrolls of torment
 K - 5 scrolls of immolation
 P - a scroll of summoning
 Q - 3 scrolls of magic mapping
 W - 4 scrolls of poison
 X - 2 scrolls of silence
Potions
 a - 3 potions of ambrosia
 d - 5 potions of curing
 e - 5 potions of resistance
 o - 6 potions of might
 r - 5 potions of brilliance
 v - 5 potions of magic
 w - 6 potions of lignification
 G - 2 potions of berserk rage
 H - 10 potions of flight
 L - 7 potions of attraction
 V - 5 potions of heal wounds
 Z - 3 potions of haste
Miscellaneous
 c - a piece from Xom's chessboard (15/15)
 x - a tin of tremorstones (2/2)
 R - a lightning rod (4/4)
 Y - a condenser vane (inert)


   Skills:
 + Level 17.1 Fighting
 - Level 16.0 Maces & Flails
 + Level 12.8 Ranged Weapons
 + Level 15.4 Armour
 + Level 14.2 Dodging
 - Level 5.0 Spellcasting
 - Level 6.9 Hexes
 + Level 10.6 Evocations


You had 16 spell levels left.
You knew the following spells:

 Your Spells              Type           Power      Damage    Failure   Level
a - Call Imp              Summ           6%         N/A       19%         2
b - Mephitic Cloud        Conj/Pois/Air  6%         N/A       36%         3
c - Poisonous Vapours     Pois/Air       12%        N/A       19%         2
d - Apportation           Tloc           12%        N/A       12%         1
e - Ensorcelled Hibernat  Hex/Ice        74%        N/A       4%          2
f - Confusing Touch       Hex            59%        N/A       2%          3

Your spell library contained the following spells:

 Spells                   Type           Power      Damage    Failure   Level
 Tukima's Dance           Hex            59%        N/A       2%          3
 Portal Projectile        Hex/Tloc       74%        N/A       9%          3
 Beastly Appendage        Tmut           12%        N/A       12%         1
 Foxfire                  Conj/Fire      24%        2x1d5     12%         1
 Magic Dart               Conj           24%        1d4       12%         1
 Necrotise                Necr           24%        1d5       12%         1
 Sandblast                Erth           12%        2d6       12%         1
 Shock                    Conj/Air       24%        1d4       12%         1
 Sting                    Tmut/Pois      24%        1d4       12%         1
 Summon Small Mammal      Summ           24%        N/A       12%         1
 Cigotuvi's Dreadful Rot  Necr/Pois/Air  12%        N/A       19%         2
 Passwall                 Tmut/Erth      5%         N/A       19%         2
 Static Discharge         Conj/Air       12%        2-3/arc   19%         2
 Call Canine Familiar     Summ           6%         N/A       36%         3
 Frozen Ramparts          Ice            12%        1d2       36%         3
 Gell's Gravitas          Tloc           6%         N/A       36%         3
 Ignite Poison            Fire/Tmut/Pois 6%         N/A       36%         3
 Lesser Beckoning         Tloc           6%         N/A       36%         3
 Stone Arrow              Conj/Erth      12%        3d7       36%         3
 Swiftness                Air            6%         N/A       36%         3
 Teleport Other           Tloc           6%         N/A       36%         3
 Yara's Violent Unravell  Hex/Tmut       18%        3d9       63%         5
 Airstrike                Air            3%         2d(1-17)  77%         4
 Animate Armour           Summ/Erth      12%        N/A       77%         4
 Animate Dead             Necr           6%         N/A       77%         4
 Dispel Undead            Necr           6%         3d8       77%         4
 Hailstorm                Conj/Ice       6%         3d4       77%         4
 Ice Form                 Ice/Tmut       6%         N/A       77%         4
 Olgreb's Toxic Radiance  Pois           6%         N/A       77%         4
 Summon Ice Beast         Ice/Summ       6%         N/A       77%         4
 Blade Hands              Tmut           3%         N/A       98%         5
 Borgnjor's Vile Clutch   Necr/Erth      3%         N/A       98%         5
 Fireball                 Conj/Fire      3%         3d4       98%         5
 Freezing Cloud           Conj/Ice/Air   3%         6-21      98%         5
 Iskenderun's Battlesphe  Conj           6%         2d6       98%         5
 Lee's Rapid Deconstruct  Erth           3%         3d6*      98%         5
 Lightning Bolt           Conj/Air       3%         1d14      98%         5
 Summon Forest            Summ/Tloc      3%         N/A       98%         5
 Enfeeble                 Hex            29%        N/A       99%         7
 Conjure Ball Lightning   Conj/Air       3%         3x3d6     100%        6
 Death Channel            Necr           3%         N/A       100%        6
 Dispersal                Tloc           3%         N/A       100%        6
 Eringya's Noxious Bog    Tmut/Pois      3%         N/A       100%        6
 Iron Shot                Conj/Erth      3%         9d2       100%        6
 Simulacrum               Ice/Necr       3%         N/A       100%        6
 Statue Form              Tmut/Erth      4%         N/A       100%        6
 Orb of Destruction       Conj           3%         9d5       100%        7
 Ozocubu's Refrigeration  Ice            3%         4d8       100%        7
 Summon Hydra             Summ           3%         N/A       100%        7
 Maxwell's Capacitive Co  Air            3%         ∞         100%        8


Dungeon Overview and Level Annotations

Branches:
Dungeon (15/15)            Temple (0/1) D:5            Lair (5/5) D:9
 Shoals (4/4) Lair:3       Spider (4/4) Lair:3        Slime (0/5) Lair:5
    Orc (2/2) D:11            Elf (0/3) Orc:2        Vaults (2/5) D:14
 Depths (0/4) D:15        Desolation (visited)      Gauntlet (visited)
  Crypt: Vaults:2-3

Altars:
Cheibriados
Hepliaklqana
Makhleb
Nemelex Xobeh
Qazlal
Uskayaw
Vehumet
Wu Jian
Xom
Yredelemnul

Shops:
D:4 *   D:5 =   Orc:2 *[?:   Shoals:1 *

Annotations:
D:14 3 runed translucent doors, Xoff's ghost, adept GnHW
Lair:4 3 runed translucent doors, Jeokheh's ghost, journeyman GrFE; Muleplesh's ghost, journeyman FeTm; Piki's ghost, journeyman GrFE; Xemekh's ghost, journeyman HOFi
Shoals:2 1 transporter


Innate Abilities, Weirdness & Mutations

You have a pair of large antennae on your head. (SInv)
A demonic guardian rushes to your aid.
Your demonic aura causes all spilled blood to erupt in flames.
Your hexes are more powerful.
You have a sharp stinger which inflicts weakening toxins.
Your touch may irresistibly damage your foes and sap their willpower.
You have very sharp teeth.
You have sharp toenails.
You are agile. (Dex +4, Str/Int -1)
You are frail. (-10% HP)
Your natural rate of healing is unusually fast.
You have hidden genetic potential.
You occasionally lose the ability to drink potions when taking damage.
You expend magic power (3 MP) to strengthen your wands.


Message History

The vault guard hits your sixfirhy with a +1 war axe!
You hit the vault guard but do no damage.
The vault guard is almost dead.
The vault guard blocks your sixfirhy's attack.
Unknown command.
Unknown command.
Unknown command.
The vault guard blocks your attack.
The vault guard is almost dead.
Your sixfirhy hits the vault guard but does no damage.
The vault guard blocks your sixfirhy's attack.
The vault guard is engulfed in poison gas.
The vault guard looks as sick as possible!
You kill the vault guard!
The vault guard is engulfed in poison gas.
The vault guard looks as sick as possible!
The vault guard hits you with a +1 war axe.
* * * LOW HITPOINT WARNING * * *
The vault guard hits your sixfirhy with a +1 war axe!
The great orb of eyes is engulfed in poison gas.
The great orb of eyes looks as sick as possible!
The ironbound thunderhulk looks as sick as possible!
Electricity crackles from the ironbound thunderhulk's apparatus.
The bolt of lightning misses you.
You sock the vault guard!
You kill the vault guard!
Your sixfirhy hits the ironbound thunderhulk!
Your sixfirhy shocks the ironbound thunderhulk!
Your life force feels restored.
Found 18 gold pieces.
You kill the great orb of eyes!
Your sixfirhy hits the ironbound thunderhulk!
Your sixfirhy shocks the ironbound thunderhulk!
The ironbound thunderhulk is engulfed in poison gas.
The ironbound thunderhulk looks as sick as possible!
Electricity crackles from the ironbound thunderhulk's apparatus.
The bolt of lightning hits you!!
You feel threatened and lose the ability to drink potions!
You die...
Xom snickers!

..#*#.....#.# *,,,,*,*,,,,*,,,,,
..# *#......####..,,***..,,+,,,,,
..# *#.......##..{,*,#..,,*,,,,,
..######.....###.#**,§§#**,*,,,8,
..##...#......##..*,§.§$*,,*,,,,,
.)#[....#......#.###O§.***,*,,,,,
..).#....##....#§§§3#,*,,,,+,,,,,
..#.......##...#.§§§#**,,,,******
..#.......###..+@§§§#.#.,,,*
..##...#..# ##.#.§§§.....,,*
..###....## ##########+#*****
..###'##### *,,,,,,,* ..##.)....#
*,,,,,,,* ####......# *,,,,,,,*
#.....?# *,,,,,,,* #......#
*,,,,,,,* #......# *,,,,,,,*


You could see an ironbound thunderhulk (extremely poisoned, ally target) and a
friendly sixfirhy (summoned).

Vanquished Creatures
  Bai Suzhen (Shoals:2)
  3 sphinxes
  A tengu reaver (Vaults:2)
  Kirke (D:14)
  Donald (Orc:2)
  A fenstrider witch (Shoals:1)
  Roxanne (Spider:2)
  7 emperor scorpions
  6 ghost moths
  An imperial myrmidon (Desolation)
  5 vault wardens (Vaults:2)
  4 ironbound preservers (Vaults:1)
  3 broodmothers
  3 very ugly things (Vaults:2)
  3 ironbound thunderhulks
  A stone giant (Vaults:1)
  5 entropy weavers
  2 halazid warlocks (Desolation)
  4 minotaurs
  A spark wasp (Spider:1)
  7 dire elephants
  Snorg (Lair:5)
  5 merfolk javelineers
  A crystal guardian (Desolation)
  5 merfolk impalers
  An ettin (Spider:1)
  A rakshasa (D:12)
  3 great orbs of eyes
  2 ragged hierophants (Desolation)
  2 catoblepae (Lair:5)
  12 hydras
  2 jorogumos
  7 yaktaur captains
  An alligator snapping turtle (Shoals:2)
  8 vault guards
  Erolcha (D:9)
  2 merfolk avatars (Shoals:2)
  7 servants of whispers (Desolation)
  4 peacekeepers
  21 centaur warriors
  The ghost of PeterMcNeter the Jinx, a journeyman FeCj of Jiyva (Lair:3)
  5 two-headed ogres
  A radroach (Spider:2)
  An anaconda (D:13)
  4 boulder beetles
  11 satyrs
  A tengu warrior (D:13)
  7 ironbound frosthearts
  Erica (D:8)
  A shock serpent (shapeshifter) (Shoals:4)
  10 death yaks
  A hell hog (Gauntlet)
  3 orc high priests (Orc:2)
  Urug (D:13)
  7 pharaoh ants
  6 deep trolls (Vaults:1)
  6 sea snakes
  4 skeletal warriors (D:13)
  10 steelbarb worms
  5 orb spiders
  An orange crystal statue (Shoals:2)
  5 wizards
  Pikel (D:6)
  10 lindwurms
  25 harpies
  4 ironbound convokers
  4 orc knights (Orc:2)
  A deep elf zephyrmancer (D:15)
  5 orc sorcerers
  A deep elf pyromancer (D:12)
  26 wolf spiders
  6 necromancers
  10 ugly things
  An oklob plant (Lair:1)
  6 cyclopes
  11 fauns
  2 worldbinders (Gauntlet)
  28 manticores
  14 elephants
  12 merfolk sirens
  A moth of wrath (Spider:4)
  5 water nymphs
  3 guardian serpents (Desolation)
  11 vault sentinels
  A naga mage (D:15)
  2 centaur zombies (D:15)
  A molten gargoyle (Desolation)
  6 torpor snails
  2 black mambas
  Maggie (D:9)
  A gargoyle (D:12)
  12 cane toads
  20 yaktaurs
  9 demonic crawlers
  A komodo dragon (shapeshifter) (Orc:2)
  A centaur skeleton (D:15)
  3 rime drakes (D:15)
  10 komodo dragons
  A freezing wraith (D:15)
  A tengu conjurer (D:15)
  3 meliai (Spider:3)
  31 merfolk
  A queen bee (Spider:3)
  6 trolls
  6 polar bears
  20 tarantellas
  6 wind drakes
  2 hornets (Gauntlet)
  13 slime creatures
  44 saltlings (Desolation)
  9 dream sheep
  6 blink frogs
  5 snapping turtles
  17 culicivoras
  3 shadows
  7 water elementals
  A centaur simulacrum (D:14)
  25 jumping spiders
  2 wraiths
  11 wyverns
  6 fire elementals (D:12)
  40 yaks
  5 basilisks
  19 humans
  2 fire bats (Gauntlet)
  2 hogs (D:14)
  6 vampire mosquitoes
  A warg (Orc:2)
  55 redbacks
  A yaktaur simulacrum (Vaults:2)
  An acid dragon (D:12)
  6 hell hounds
  16 water moccasins
  22 orc warriors
  A swamp drake (D:11)
  2 sky beasts
  3 black bears
  9 boggarts
  7 ogres
  16 wolves
  9 centaurs
  Blork the orc (D:6)
  3 kobold brigands
  2 necrophages
  A gnoll sergeant (D:11)
  5 bullfrogs
  6 scorpions
  8 wights
  15 killer bees
  5 electric eels
  8 howler monkeys
  3 hounds
  5 jellies (D:6)
  15 orc priests
  A gnoll bouda (D:7)
  4 hell rats (D:15)
  18 orc wizards
  3 iguanas
  11 gnolls
  5 adders
  4 shadow imps
  17 white imps
  An ufetubus (D:5)
  5 worms
  72 orcs
  11 ball pythons
  7 bats
  3 endoplasms
  6 giant cockroaches
  4 goblins
  6 hobgoblins
  4 jackals (D:1)
  22 kobolds
  5 quokkas
  A frilled lizard (D:3)
  7 rats
1239 creatures vanquished.

Vanquished Creatures (collateral kills)
  2 emperor scorpions
  A jorogumo (Spider:2)
  A peacekeeper (Vaults:2)
  A satyr (Shoals:4)
  A catoblepas (Lair:5)
  A centaur warrior (D:13)
  A two-headed ogre (D:12)
  2 pharaoh ants
  A skeletal warrior (D:13)
  A deep troll (Vaults:1)
  A steelbarb worm (Spider:2)
  An ironbound convoker (Vaults:2)
  2 orb spiders (Spider:2)
  A harpy (Shoals:3)
  A wolf spider (Spider:1)
  A faun (Shoals:4)
  A vault sentinel (Vaults:1)
  A water nymph (Shoals:4)
  A cane toad (Lair:3)
  2 yaktaurs
  A demonic crawler (Spider:1)
  A tarantella (Spider:3)
  A wind drake (Shoals:4)
  2 saltlings (Desolation)
  3 jumping spiders
  2 culicivoras (Spider:2)
  A shadow (D:12)
  7 yaks (Lair:5)
  A basilisk (D:15)
  2 wolves (Lair:3)
  A bullfrog (D:7)
  3 killer bees (D:7)
  A howler monkey (D:7)
  An electric eel (Lair:3)
  A hound (D:7)
  2 orc priests (D:7)
  An orc wizard (D:7)
  A hell rat (D:15)
  A gnoll (D:7)
  4 orcs
  A giant cockroach (D:3)
62 creatures vanquished.

Vanquished Creatures (others)
  A merfolk javelineer (Shoals:2)
  A death yak (Lair:4)
  A sea snake (Shoals:2)
  An ironbound convoker (Desolation)
  A manticore (Shoals:2)
  2 elephants
  2 saltlings (Desolation)
  2 yaks
  A redback (Spider:4)
  An orc warrior (Orc:2)
  A wight (D:5)
  A killer bee (D:8)
  An orc wizard (Orc:2)
  A bush (Lair:5)
  52 fungi
  185 plants
  2 withered plants (Lair:4)
256 creatures vanquished.

Grand Total: 1557 creatures vanquished

Notes
Turn   | Place    | Note
-------+----------+-------------------------------------------
     0 | D:1      | tsouns the Demonspawn Chaos Knight began the quest for the
                  | Orb.
     0 | D:1      | Reached XP level 1. HP: 18/18 MP: 1/1
   348 | D:1      | Gained mutation: A weak demonic guardian rushes to your
                  | aid. [demonic ancestry]
   348 | D:1      | Reached XP level 2. HP: 17/24 MP: 2/2
   680 | D:1      | XOM: silly message
   728 | D:1      | Gained mutation: Your demonic aura sometimes causes spilled
                  | blood to erupt in flames. [demonic ancestry]
   728 | D:1      | Reached XP level 3. HP: 27/29 MP: 3/3
   775 | D:1      | Found a faded altar of an unknown god.
  2040 | D:2      | Discovered your monstrous ancestry.
  2040 | D:2      | Gained mutation: Your touch may inflict minor irresistible
                  | damage on your foes. [demonic ancestry]
  2040 | D:2      | Reached XP level 4. HP: 34/37 MP: 4/4
  2065 | D:2      | Found a hazy altar of Hepliaklqana.
  2296 | D:3      | XOM: cloud trail
  2435 | D:3      | XOM: give mutations
  2435 | D:3      | Gained mutation: You have a beak for a mouth. [Xom's grace]
  2435 | D:3      | Gained mutation: Your flesh is cold resistant. (rC+) [Xom's
                  | grace]
  2435 | D:3      | Gained mutation: You are agile. (Dex +4, Str/Int -1) [Xom's
                  | grace]
  2793 | D:3      | XOM: silly message
  2965 | D:3      | Reached skill level 4 in Fighting
  3148 | D:4      | Reached XP level 5. HP: 38/42 MP: 5/5
  3572 | D:4      | Found Geenarur's General Store.
  3647 | D:4      | Bought a potion of curing for 42 gold pieces
  3647 | D:4      | Bought a potion of magic for 112 gold pieces
  3647 | D:4      | Bought a scroll of poison for 56 gold pieces
  3758 | D:4      | Reached skill level 5 in Maces & Flails
  4140 | D:5      | Entered Level 5 of the Dungeon
  4172 | D:5      | XOM: destruction
  4173 | D:5      | Reached XP level 6. HP: 29/49 MP: 6/6
  4382 | D:5      | XOM: potion effect (invisibility)
  4388 | D:5      | XOM: confuse monster(s)
  4388 | D:5      | XOM: smoke on damage
  4398 | D:5      | Reached skill level 5 in Fighting
  4434 | D:5      | XOM: 1-stop teleportation journey
  4436 | D:5      | Found Vioc's One-of-a-Kind Rings.
  4645 | D:5      | Reached XP level 7. HP: 56/56 MP: 7/7
  4688 | D:5      | XOM: god gift: 35 gold pieces
  4735 | D:5      | Identified the +1 gold dragon scales "Daedor" {+Inv rPois
                  | rF+ rC+ Will+ rCorr Dex-4}
  4770 | D:5      | XOM: scenery: summon butterflies
  4797 | D:5      | You fall into a shaft and drop 2 floors!
  4810 | D:7      | XOM: god gift: 40 gold pieces
  4881 | D:6      | Learned a level 2 spell: Call Imp
  4885 | D:6      | Learned a level 3 spell: Mephitic Cloud
  4957 | D:6      | XOM: polymorph something unseen -> jelly
  5187 | D:6      | XOM: 3-stop teleportation journey
  5246 | D:6      | XOM: fog
  5297 | D:6      | Reached skill level 6 in Fighting
  5410 | D:6      | Noticed Pikel
  5413 | D:6      | XOM: smoke on damage
  5425 | D:6      | Killed Pikel
  5426 | D:6      | Reached XP level 8. HP: 22/65 MP: 8/8
  5661 | D:6      | Found a burning altar of Makhleb.
  5671 | D:6      | XOM: divine lightning
  5718 | D:6      | XOM: summons friendly white imp
  5720 | D:6      | Reached skill level 7 in Fighting
  5757 | D:6      | XOM: god gift: 8 stones
  5791 | D:6      | Noticed Blork the orc
  5806 | D:6      | Killed Blork the orc
  6695 | D:5      | Found a staircase to the Ecumenical Temple.
  6899 | D:7      | XOM: scenery: 1 doors open
  6901 | D:7      | XOM: summons 2 friendly demons
  6903 | D:7      | Gained mutation: A demonic guardian rushes to your aid.
                  | [demonic ancestry]
  6903 | D:7      | Reached XP level 9. HP: 72/72 MP: 9/9
  7147 | D:7      | XOM: scenery: 2 doors close
  7300 | D:7      | XOM: scenery: 1 doors open
  7325 | D:7      | Found a radiant altar of Vehumet.
  8129 | D:7      | XOM: cast spell 'Alistair's Intoxication'
  8403 | D:7      | XOM: summons 5 hostile demons
  8578 | D:7      | XOM: cloud trail
  8677 | D:8      | XOM: cleaving
  8684 | D:8      | XOM: summons friendly iron imp
  8685 | D:8      | Reached skill level 8 in Fighting
  8685 | D:8      | Reached skill level 10 in Maces & Flails
  8961 | D:8      | Identified the amulet "Enexutug" {Acrobat Dex+2} (Xom
                  | gifted it to you on level 8 of the Dungeon)
  8961 | D:8      | XOM: god gift: amulet "Enexutug" {Acrobat Dex+2}
  9111 | D:8      | XOM: confuse monster(s)
  9260 | D:8      | Found a basalt altar of Yredelemnul.
  9264 | D:8      | Found a snail-covered altar of Cheibriados.
  9264 | D:8      | Found an ornate altar of the Wu Jian Council.
  9264 | D:8      | Found a hazy altar of Hepliaklqana.
  9274 | D:8      | Noticed Erica
  9274 | D:8      | XOM: 8-stop teleportation journey
  9277 | D:8      | XOM: enchant monster (good)
  9285 | D:8      | XOM: polymorph centaur -> killer bee
  9292 | D:8      | XOM: divine lightning
  9296 | D:8      | XOM: 3-stop teleportation journey
  9327 | D:8      | Killed Erica
  9337 | D:8      | Gained mutation: Your touch may inflict irresistible damage
                  | on your foes. [demonic ancestry]
  9337 | D:8      | Reached XP level 10. HP: 39/82 MP: 10/10
  9648 | D:8      | Found a stormy altar of Qazlal.
  9782 | D:9      | XOM: god gift: whip {god gift}
  9841 | D:9      | Noticed Erolcha
  9848 | D:9      | Killed Erolcha
  9954 | D:9      | XOM: cleaving
  9956 | D:9      | XOM: destruction
  9962 | D:9      | Reached skill level 9 in Fighting
 10022 | D:9      | XOM: cleaving
 10027 | D:9      | XOM: scenery: summon butterflies
 10039 | D:9      | XOM: polymorph yak -> human
 10048 | D:9      | Reached skill level 5 in Armour
 10203 | D:9      | Noticed Maggie
 10207 | D:9      | XOM: cast spell 'Discord'
 10214 | D:9      | Killed Maggie
 10286 | D:9      | Found a staircase to the Lair.
 10353 | D:9      | Identified the +8 sling of the Valley {flame, rN+ Will+}
 10373 | D:9      | Found a sparkling altar of Nemelex Xobeh.
 10401 | D:9      | XOM: god gift: +1 plate armour of willpower
 10520 | D:10     | Entered Level 10 of the Dungeon
 10526 | D:10     | Noticed a two-headed ogre
 10526 | D:10     | XOM: confuse monster(s)
 10600 | D:9      | XOM: divination: magic mapping
 10700 | D:9      | XOM: silly message
 10801 | D:9      | XOM: silly message
 10831 | Lair:1   | XOM: stealth player
 10831 | Lair:1   | Entered Level 1 of the Lair of Beasts
 10831 | Lair:1   | Noticed an oklob plant
 10852 | Lair:1   | XOM: potion effect (brilliance)
 10854 | Lair:1   | XOM: potion effect (invisibility)
 11014 | Lair:1   | XOM: noise
 11040 | Lair:1   | XOM: cast spell 'Summon Ice Beast'
 11041 | Lair:1   | XOM: divination: detect items
 11076 | Lair:1   | XOM: give mutations
 11076 | Lair:1   | Gained mutation: You have a somewhat thin skeletal
                  | structure. (Dex +2, Stealth+) [Xom's grace]
 11076 | Lair:1   | Gained mutation: You have a moderately thin skeletal
                  | structure. (Dex +4, Stealth++) [Xom's grace]
 11076 | Lair:1   | Gained mutation: You are strong-willed. (Will+) [Xom's
                  | grace]
 11076 | Lair:1   | Gained mutation: You are robust. (+10% HP) [Xom's grace]
 11100 | Lair:1   | XOM: 2-stop teleportation journey
 11331 | Lair:1   | Noticed a cane toad
 11341 | Lair:1   | Killed a cane toad
 11355 | Lair:1   | XOM: silly message
 11478 | Lair:1   | Noticed a cane toad
 11495 | Lair:1   | Gained mutation: You have a pair of small antennae on your
                  | head. [demonic ancestry]
 11495 | Lair:1   | Reached XP level 11. HP: 16/99 MP: 11/11
 11679 | Lair:1   | XOM: draining
 12268 | Lair:2   | XOM: 3-stop teleportation journey
 12277 | Lair:2   | Learned a level 2 spell: Poisonous Vapours
 12279 | Lair:2   | Learned a level 1 spell: Apportation
 12312 | Lair:2   | XOM: 1-stop teleportation journey
 12321 | Lair:2   | Noticed a lindwurm
 12321 | Lair:2   | XOM: 1-stop teleportation journey
 12324 | Lair:2   | XOM: enchant monster (good)
 12350 | Lair:2   | Killed a lindwurm
 12351 | Lair:2   | Reached skill level 10 in Fighting
 12460 | Lair:2   | XOM: give mutation
 12460 | Lair:2   | Gained mutation: You possess an exceptional clarity of
                  | mind. [Xom's grace]
 12485 | Lair:2   | XOM: 1-stop teleportation journey
 12773 | Lair:2   | XOM: snakes to sticks
 12824 | Lair:2   | XOM: summons 11 friendly demons
 12830 | Lair:2   | Reached skill level 1 in Dodging
 12905 | Lair:2   | XOM: give mutations
 12905 | Lair:2   | Gained mutation: You are covered in fur. (AC +1) [Xom's
                  | grace]
 12905 | Lair:2   | Gained mutation: You are highly strong-willed. (Will++)
                  | [Xom's grace]
 12905 | Lair:2   | Gained mutation: You are partially covered in iridescent
                  | scales. (AC +2) [Xom's grace]
 12931 | Lair:2   | XOM: enchant monster (bad)
 12933 | Lair:2   | Reached skill level 1 in Ranged Weapons
 13340 | Lair:2   | XOM: cast spell 'Cause Fear'
 13373 | Lair:2   | XOM: noise
 13598 | Lair:3   | Noticed a four-headed hydra
 13603 | Lair:2   | XOM: swap monsters
 13882 | Lair:3   | XOM: 1-stop teleportation journey
 13910 | Lair:3   | XOM: enchant monster (good)
 13911 | Lair:3   | XOM: summons 3 friendly demons
 13936 | Lair:3   | XOM: 1-stop teleportation journey
 13955 | Lair:3   | XOM: snakes to sticks
 13959 | Lair:3   | XOM: blink monster(s)
 13989 | Lair:3   | Found a runed translucent door.
 13992 | Lair:3   | Noticed PeterMcNeter's ghost (journeyman FeCj)
 13992 | Lair:3   | Found a hole to the Spider Nest.
 13992 | Lair:3   | XOM: 10-stop teleportation journey
 13999 | Lair:3   | Killed a four-headed hydra
 14000 | Lair:3   | Gained mutation: You have a pair of antennae on your head.
                  | [demonic ancestry]
 14000 | Lair:3   | Reached XP level 12. HP: 55/106 MP: 12/12
 14360 | Lair:3   | You fall into a shaft and drop 2 floors!
 14360 | Lair:5   | Entered Level 5 of the Lair of Beasts
 14360 | Lair:5   | Noticed a six-headed hydra
 14366 | Lair:5   | Noticed an eight-headed hydra
 14635 | Lair:4   | XOM: summons 7 friendly demons
 14649 | Lair:4   | Reached skill level 5 in Dodging
 14666 | Lair:4   | Reached skill level 5 in Ranged Weapons
 14667 | Lair:4   | XOM: potion effect (invisibility)
 14809 | Lair:3   | XOM: god gift: 18 gold pieces
 14811 | Lair:3   | Gained mutation: You have a small tail. [demonic ancestry]
 14811 | Lair:3   | Reached XP level 13. HP: 115/115 MP: 13/13
 14812 | Lair:3   | Gained mutation: You have a tail ending in a sharp stinger.
                  | [demonic ancestry]
 14812 | Lair:3   | Reached XP level 14. HP: 122/122 MP: 14/14
 15144 | Lair:3   | Found a staircase to the Shoals.
 15583 | Lair:4   | Found a runed translucent gate.
 15583 | Lair:4   | Found a runed translucent gate.
 15584 | Lair:4   | Found a runed translucent gate.
 15606 | Lair:4   | XOM: scenery: summon butterflies
 15702 | Lair:4   | XOM: 7-stop teleportation journey
 15776 | Lair:4   | XOM: give mutation
 15776 | Lair:4   | Gained mutation: You expend magic power (3 MP) to
                  | strengthen your wands. [Xom's grace]
 15815 | Lair:4   | Noticed Piki's ghost (journeyman GrFE)
 15815 | Lair:4   | Noticed Jeokheh's ghost (journeyman GrFE)
 15816 | Lair:4   | Noticed Muleplesh's ghost (journeyman FeTm)
 15816 | Lair:4   | Noticed Xemekh's ghost (journeyman HOFi)
 16030 | Lair:4   | Reached skill level 11 in Fighting
 16176 | Lair:4   | XOM: divine lightning
 16179 | Lair:4   | XOM: 5-stop teleportation journey
 16227 | Lair:4   | XOM: give mutation
 16227 | Lair:4   | Gained mutation: You are very robust. (+20% HP) [Xom's
                  | grace]
 16748 | Lair:5   | Found a staircase to the Slime Pits.
 16754 | Lair:5   | XOM: enchant monster (good)
 16795 | Lair:5   | XOM: cast spell 'Cause Fear'
 16800 | Lair:5   | XOM: blink monster(s)
 17101 | Lair:5   | Reached skill level 10 in Armour
 17329 | Lair:5   | XOM: enchant monster (bad)
 17378 | Lair:5   | XOM: 1-stop teleportation journey
 17382 | Lair:5   | XOM: divination: detect items
 17398 | Lair:5   | XOM: 1-stop teleportation journey
 17654 | Lair:5   | Noticed Snorg
 17664 | Lair:5   | Killed Snorg
 17900 | Lair:5   | XOM: 2-stop teleportation journey
 17954 | Lair:5   | XOM: enchant monster (good)
 17961 | Lair:5   | XOM: cast spell 'Dispersal'
 17970 | Lair:5   | XOM: 4-stop teleportation journey
 17975 | Lair:5   | XOM: noise
 17994 | Lair:5   | XOM: smoke on damage
 17995 | Lair:5   | Reached skill level 12 in Fighting
 18136 | Lair:5   | XOM: summons 3 hostile shadow creatures
 18172 | Lair:5   | Gained mutation: Your demonic aura often causes spilled
                  | blood to erupt in flames. [demonic ancestry]
 18172 | Lair:5   | Reached XP level 15. HP: 85/144 MP: 8/15
 18205 | Lair:5   | XOM: silly message
 18422 | Lair:5   | Upgraded the game from 0.29-a0-925-g0a7a3d12f8 to
                  | 0.29.1-debian-1-gc3f1650bb9
 18598 | Lair:5   | XOM: give mutations
 18598 | Lair:5   | Lost mutation: You are highly strong-willed. (Will++)
                  | [Xom's mischief]
 18598 | Lair:5   | Lost mutation: You have a beak for a mouth. [Xom's
                  | mischief]
 18598 | Lair:5   | Lost mutation: Your flesh is cold resistant. (rC+) [Xom's
                  | mischief]
 18801 | Lair:5   | XOM: scenery: summon butterflies
 18823 | Lair:5   | XOM: summons 3 hostile shadow creatures
 18847 | Lair:5   | XOM: give mutations
 18847 | Lair:5   | Lost mutation: You are strong-willed. (Will+) [Xom's
                  | mischief]
 18847 | Lair:5   | Gained mutation: Your spells are a little easier to cast,
                  | but a little less powerful. [Xom's mischief]
 18847 | Lair:5   | Lost mutation: You have a moderately thin skeletal
                  | structure. (Dex +4, Stealth++) [Xom's mischief]
 19217 | D:10     | XOM: draining
 19454 | D:10     | Found a hide-covered altar of Uskayaw.
 19812 | D:10     | XOM: chaos cloud
 20026 | D:11     | Found a gate leading to a gauntlet.
 20095 | Gauntlet | Entered a Gauntlet
 20095 | Gauntlet | Found a transporter.
 20101 | Gauntlet | Found a runed translucent door.
 20104 | Gauntlet | Found a transporter.
 20105 | Gauntlet | Found a transporter.
 20106 | Gauntlet | Found a transporter.
 20112 | Gauntlet | Found a runed translucent gate.
 20112 | Gauntlet | Found a runed translucent gate.
 20112 | Gauntlet | Found a runed translucent gate.
 20114 | Gauntlet | Found a transporter.
 20117 | Gauntlet | Found a transporter.
 20118 | Gauntlet | Found a transporter.
 20127 | Gauntlet | Found a transporter.
 20130 | Gauntlet | Found a transporter.
 20131 | Gauntlet | Found a transporter.
 20139 | Gauntlet | Found a transporter.
 20142 | Gauntlet | Found a transporter.
 20143 | Gauntlet | Found a transporter.
 20151 | Gauntlet | Found a transporter.
 20334 | Gauntlet | XOM: smoke on damage
 20414 | Gauntlet | Identified the ring "Kaoth" {MP+9 Int+5 Dex+5}
 20422 | Gauntlet | XOM: give mutation
 20422 | Gauntlet | Gained mutation: You are dopey. (Int -2) [Xom's mischief]
 20445 | Gauntlet | Identified the +3 troll leather armour of the Hidden Allies
                  | {Rampage Regen+ Str+4}
 20465 | Gauntlet | XOM: summons 8 hostile demons
 20662 | Gauntlet | XOM: summons 8 hostile demons
 20712 | Gauntlet | Identified the +1 dagger of the Snake Pit {protect, rPois
                  | Str+2 SInv}
 20719 | Gauntlet | Got the Incunable of Transformed Cold
 20795 | D:11     | XOM: god gift: leather armour {god gift}
 20955 | D:11     | XOM: fog
 21262 | D:11     | Found a staircase to the Orcish Mines.
 21262 | D:11     | XOM: 1-stop teleportation journey
 21681 | Orc:1    | Entered Level 1 of the Orcish Mines
 21857 | Orc:1    | XOM: scenery: create altars
 22008 | Orc:1    | XOM: give mutations
 22008 | Orc:1    | Gained mutation: You have hidden genetic potential. [Xom's
                  | grace]
 22008 | Orc:1    | Gained mutation: You are strong-willed. (Will+) [Xom's
                  | grace]
 22118 | Orc:1    | XOM: stat loss: -1 Int (19/21)
 22137 | Orc:2    | Entered Level 2 of the Orcish Mines
 22243 | Orc:1    | XOM: give mutations
 22243 | Orc:1    | Lost mutation: You are very robust. (+20% HP) [Xom's
                  | mischief]
 22243 | Orc:1    | Lost mutation: You are covered in fur. (AC +1) [Xom's
                  | mischief]
 22288 | Orc:2    | XOM: summons friendly ufetubus
 22296 | Orc:2    | XOM: noise
 22430 | Orc:2    | XOM: confuse monster(s)
 22430 | Orc:2    | Noticed Donald
 22433 | Orc:2    | Reached skill level 13 in Fighting
 22434 | Orc:2    | XOM: divination: detect items
 22444 | Orc:2    | XOM: noise
 22445 | Orc:2    | XOM: noise
 22453 | Orc:2    | XOM: butterfly on damage
 22458 | Orc:2    | XOM: cast spell 'Call Canine Familiar'
 22467 | Orc:1    | XOM: divination: detect creatures
 22772 | Orc:2    | Killed Donald
 22803 | Orc:2    | XOM: silly message
 22858 | Orc:2    | Found a staircase to the Elven Halls.
 22890 | Orc:2    | XOM: enchant monster (bad)
 22891 | Orc:2    | XOM: noise
 23084 | Orc:2    | XOM: summons 2 hostile shadow creatures
 23585 | Orc:2    | XOM: enchant monster (bad)
 23588 | Orc:2    | XOM: blink monster(s)
 23737 | Orc:2    | Found Lyuvo's Magic Scroll Emporium.
 23737 | Orc:2    | Found Otiawn's Book Shop.
 23739 | Orc:2    | Found Ginoilol's Assorted Antiques.
 23739 | Orc:2    | Found Anususk's Armour Shop.
 23745 | Orc:2    | Bought a scroll of brand weapon for 142 gold pieces
 23745 | Orc:2    | Bought a scroll of fear for 60 gold pieces
 23745 | Orc:2    | Bought a scroll of teleportation for 45 gold pieces
 23747 | Orc:2    | Bought a polished dire flail for 252 gold pieces
 23747 | Orc:2    | Identified the +7 dire flail of Xixkyg Ofall {vorpal, rElec
                  | Dex+5} (You bought it in a shop on level 2 of the Orcish
                  | Mines)
 23759 | Orc:2    | Bought a twisted ring mail for 252 gold pieces
 23759 | Orc:2    | Identified the +1 ring mail of Existentialism {Str+2} (You
                  | bought it in a shop on level 2 of the Orcish Mines)
 23821 | Orc:2    | XOM: stat loss: -1 Dex (29/30)
 24341 | D:12     | XOM: enchant monster (bad)
 24474 | D:12     | Reached skill level 10 in Dodging
 24475 | D:12     | XOM: summons friendly crimson imp
 24476 | D:12     | XOM: enchant monster (bad)
 24477 | D:12     | Noticed Azrael
 24482 | D:12     | XOM: chaos cloud
 24494 | D:12     | XOM: stat loss: -1 Dex (29/30)
 24496 | D:12     | Noticed Azrael
 24496 | D:12     | Azrael changed into Azrael the rakshasa
 24496 | D:12     | XOM: polymorph Azrael -> Azrael the rakshasa
 24502 | D:12     | Killed Azrael the rakshasa
 24765 | D:12     | XOM: draining
 24890 | D:13     | Gained mutation: Your demonic aura causes all spilled blood
                  | to erupt in flames. [demonic ancestry]
 24890 | D:13     | Reached XP level 16. HP: 62/126 MP: 16/16
 24909 | D:13     | XOM: chaos upgrade
 24988 | D:13     | XOM: 3-stop teleportation journey
 25171 | D:13     | Noticed Urug
 25183 | D:13     | Killed Urug
 25262 | D:13     | XOM: polymorph tengu warrior -> anaconda
 25263 | D:13     | XOM: noise
 25267 | D:13     | XOM: enchant monster (bad)
 25469 | D:13     | XOM: give mutations
 25469 | D:13     | Gained mutation: You are very dopey. (Int -4) [Xom's
                  | mischief]
 25469 | D:13     | Lost mutation: You are agile. (Dex +4, Str/Int -1) [Xom's
                  | mischief]
 25469 | D:13     | Lost mutation: You possess an exceptional clarity of mind.
                  | [Xom's mischief]
 25469 | D:13     | Lost mutation: You are robust. (+10% HP) [Xom's mischief]
 25582 | D:13     | XOM: smoke on damage
 25744 | D:13     | XOM: silly message
 25857 | D:14     | XOM: 1-stop teleportation journey
 26092 | D:14     | Found a runed translucent gate.
 26092 | D:14     | Found a runed translucent gate.
 26092 | D:14     | Found a runed translucent gate.
 26130 | D:14     | XOM: stat loss: -1 Int (20/21)
 26185 | D:14     | XOM: confuse monster(s)
 26190 | D:14     | XOM: give mutations
 26190 | D:14     | Lost mutation: You are very dopey. (Int -4) [Xom's
                  | mischief]
 26190 | D:14     | Gained mutation: You are frail. (-10% HP) [Xom's mischief]
 26190 | D:14     | Lost mutation: You have hidden genetic potential. [Xom's
                  | mischief]
 26190 | D:14     | Lost mutation: You have a somewhat thin skeletal structure.
                  | (Dex +2, Stealth+) [Xom's mischief]
 26230 | D:14     | Reached skill level 15 in Maces & Flails
 26245 | D:14     | Found a gate to the Vaults.
 26253 | D:14     | XOM: repel stairs
 26351 | D:14     | Lost mutation: You are partially covered in iridescent
                  | scales. (AC +2) [potion of mutation]
 26351 | D:14     | Lost mutation: You are dopey. (Int -2) [potion of mutation]
 26351 | D:14     | Gained mutation: You passively map a small area around you.
                  | [potion of mutation]
 26351 | D:14     | Gained mutation: Your system is resistant to poisons.
                  | (rPois) [potion of mutation]
 26422 | D:14     | Noticed Xoff's ghost (adept GnHW)
 26442 | D:14     | XOM: fog
 26495 | D:14     | XOM: give mutations
 26495 | D:14     | Lost mutation: You are frail. (-10% HP) [Xom's grace]
 26495 | D:14     | Gained mutation: You have hidden genetic potential. [Xom's
                  | grace]
 26495 | D:14     | Gained mutation: You have great hidden genetic potential.
                  | [Xom's grace]
 26495 | D:14     | Gained mutation: You have sharp toenails. [Xom's grace]
 26542 | D:14     | Noticed Kirke
 26555 | D:14     | Killed Kirke
 26617 | D:14     | XOM: polymorph human -> troll
 26699 | D:14     | XOM: scenery: create altars
 26710 | D:15     | Entered Level 15 of the Dungeon
 27022 | D:15     | XOM: give mutations
 27022 | D:15     | Gained mutation: Your mind is acute. (Int +4, Str/Dex -1)
                  | [Xom's grace]
 27022 | D:15     | Lost mutation: Your spells are a little easier to cast, but
                  | a little less powerful. [Xom's grace]
 27022 | D:15     | Gained mutation: Your flesh is heat resistant. (rF+) [Xom's
                  | grace]
 27044 | D:15     | Reached skill level 10 in Ranged Weapons
 27163 | D:15     | XOM: god gift: Xom's Precepts of the Dropbear {god gift}
 27164 | D:15     | Got Xom's Precepts of the Dropbear {god gift}
 27238 | D:15     | Reached skill level 14 in Fighting
 27256 | D:15     | Reached skill level 1 in Evocations
 27417 | D:15     | Found a staircase to the Depths.
 27791 | Spider:1 | Entered Level 1 of the Spider Nest
 27799 | Spider:1 | XOM: polymorph entropy weaver -> ettin
 27921 | Lair:3   | XOM: scenery: create altars
 28000 | Spider:1 | XOM: fake destruction
 28117 | Spider:1 | XOM: destruction
 28224 | Spider:1 | XOM: potion effect (brilliance)
 28281 | Spider:1 | XOM: scenery: summon butterflies
 28291 | Spider:1 | XOM: god gift: scroll of immolation
 28546 | Spider:1 | XOM: 4-stop teleportation journey
 28645 | Spider:1 | XOM: cleaving
 28970 | Spider:1 | XOM is BORED!
 28970 | Spider:1 | XOM: give mutations
 28970 | Spider:1 | Gained mutation: You occasionally lose the ability to drink
                  | potions when taking damage. [Xom's mischief]
 28970 | Spider:1 | Gained mutation: Your body sometimes deteriorates upon
                  | taking damage. [Xom's mischief]
 28970 | Spider:1 | Gained mutation: You are frail. (-10% HP) [Xom's mischief]
 29098 | Spider:2 | Lost mutation: You expend magic power (3 MP) to strengthen
                  | your wands. [potion of mutation]
 29098 | Spider:2 | Lost mutation: Your mind is acute. (Int +4, Str/Dex -1)
                  | [potion of mutation]
 29098 | Spider:2 | Gained mutation: You are agile. (Dex +4, Str/Int -1)
                  | [potion of mutation]
 29098 | Spider:2 | Gained mutation: You have a somewhat thin skeletal
                  | structure. (Dex +2, Stealth+) [potion of mutation]
 29098 | Spider:2 | Gained mutation: Your magical capacity is low. (-10% MP)
                  | [potion of mutation]
 29110 | Spider:2 | Gained mutation: Your hexes are more powerful. [demonic
                  | ancestry]
 29110 | Spider:2 | Reached XP level 17. HP: 106/126 MP: 15/15
 29117 | Spider:2 | XOM: confuse monster(s)
 29171 | Spider:2 | XOM: noise
 29222 | Spider:2 | Identified Roxanne's Exposition on the Quarry
 29222 | Spider:2 | Noticed Roxanne
 29231 | Spider:2 | Killed Roxanne
 29385 | Spider:2 | XOM: summons 2 friendly demons
 29389 | Spider:2 | XOM: enchant monster (bad)
 29431 | Spider:2 | XOM: silly message
 29901 | Spider:3 | XOM: noise
 30116 | Spider:2 | XOM: silly message
 30182 | Spider:2 | Lost mutation: You are agile. (Dex +4, Str/Int -1) [potion
                  | of mutation]
 30182 | Spider:2 | Lost mutation: Your body sometimes deteriorates upon taking
                  | damage. [potion of mutation]
 30182 | Spider:2 | Lost mutation: Your system is resistant to poisons. (rPois)
                  | [potion of mutation]
 30182 | Spider:2 | Gained mutation: You are very frail. (-20% HP) [potion of
                  | mutation]
 30182 | Spider:2 | Lost mutation: You passively map a small area around you.
                  | [potion of mutation]
 30182 | Spider:2 | Gained mutation: You expend magic power (3 MP) to
                  | strengthen your wands. [potion of mutation]
 30182 | Spider:2 | Gained mutation: Your muscles are strong. (Str +4, Int/Dex
                  | -1) [potion of mutation]
 30284 | Spider:2 | Gained mutation: Your movements are slightly less
                  | encumbered by armour. (ER -2) [hidden potential]
 30401 | Spider:3 | HP: 5/112 [poisoned by an emperor scorpion]
 30415 | Spider:2 | XOM: summons 16 friendly demons
 30423 | Spider:2 | HP: 5/112 [poisoned by a jorogumo]
 30544 | Spider:2 | XOM: cast spell 'Call Canine Familiar'
 30576 | Spider:2 | XOM: give mutations
 30576 | Spider:2 | Gained mutation: You are agile. (Dex +4, Str/Int -1) [Xom's
                  | grace]
 30576 | Spider:2 | Lost mutation: You are very frail. (-20% HP) [Xom's grace]
 30576 | Spider:2 | Lost mutation: Your magical capacity is low. (-10% MP)
                  | [Xom's grace]
 30583 | Spider:2 | XOM: cloud trail
 30645 | Lair:3   | Lost mutation: Your movements are slightly less encumbered
                  | by armour. (ER -2) [potion of mutation]
 30645 | Lair:3   | Lost mutation: Your muscles are strong. (Str +4, Int/Dex
                  | -1) [potion of mutation]
 30645 | Lair:3   | Gained mutation: Armour fits poorly on your strangely
                  | shaped body. [potion of mutation]
 30645 | Lair:3   | Gained mutation: Your system is resistant to poisons.
                  | (rPois) [potion of mutation]
 30645 | Lair:3   | Lost mutation: Your system is resistant to poisons. (rPois)
                  | [potion of mutation]
 30646 | Lair:3   | Lost mutation: You expend magic power (3 MP) to strengthen
                  | your wands. [potion of mutation]
 30646 | Lair:3   | Lost mutation: Your flesh is heat resistant. (rF+) [potion
                  | of mutation]
 30646 | Lair:3   | Gained mutation: You are very agile. (Dex +8, Str/Int -2)
                  | [potion of mutation]
 30646 | Lair:3   | Lost mutation: You have great hidden genetic potential.
                  | [potion of mutation]
 30648 | Shoals:1 | Entered Level 1 of the Shoals
 30651 | Shoals:1 | XOM: potion effect (heal wounds)
 30768 | Lair:3   | Killed PeterMcNeter's ghost
 30894 | Shoals:1 | XOM: divination: magic mapping
 30918 | Shoals:1 | XOM: potion effect (heal wounds)
 31024 | Shoals:1 | Found Vaulim's Mayhem Merchandise.
 31133 | Shoals:1 | XOM: divination: detect items
 31241 | Shoals:1 | Lost mutation: Armour fits poorly on your strangely shaped
                  | body. [potion of mutation]
 31241 | Shoals:1 | Lost mutation: You have hidden genetic potential. [potion
                  | of mutation]
 31241 | Shoals:1 | Lost mutation: You are frail. (-10% HP) [potion of
                  | mutation]
 31241 | Shoals:1 | Gained mutation: You passively dampen the noise of your
                  | surroundings. [potion of mutation]
 31341 | Shoals:1 | Reached skill level 5 in Evocations
 31405 | Shoals:1 | XOM: silly message
 31565 | Shoals:2 | XOM: divination: detect items
 31706 | Shoals:2 | Found a transporter.
 31769 | Shoals:2 | Found a transporter.
 31864 | Shoals:2 | XOM: smoke on damage
 31866 | Shoals:2 | XOM: 1-stop teleportation journey
 31981 | Shoals:2 | XOM: scenery: summon butterflies
 32021 | Shoals:2 | XOM: 2-stop teleportation journey
 32031 | Shoals:2 | XOM: god gift: atropa-tipped dart
 32039 | Shoals:2 | XOM: noise
 32203 | Shoals:2 | XOM: silly message
 32262 | Shoals:2 | Reached skill level 15 in Fighting
 32267 | Shoals:2 | XOM: summons friendly shadow imp
 32268 | Shoals:2 | XOM: 2-stop teleportation journey
 32273 | Shoals:2 | XOM: snakes to sticks
 32306 | Shoals:2 | Identified the ring "Vukuygg" {rC++ Int+6 Dex+4 SInv}
 32322 | Shoals:2 | Upgraded the game from 0.29.1-debian-1-gc3f1650bb9 to
                  | 0.30-a0-134-gb40fab5c76
 32333 | Shoals:2 | Learned a level 2 spell: Ensorcelled Hibernation
 32337 | Shoals:2 | Learned a level 3 spell: Confusing Touch
 32346 | Shoals:2 | XOM: scenery: create altars
 32489 | Shoals:3 | XOM: fog
 32552 | Shoals:3 | XOM: destruction
 32554 | Shoals:3 | Noticed Bai Suzhen
 32565 | Shoals:2 | XOM: confuse monster(s)
 32568 | Shoals:2 | Killed Bai Suzhen
 32569 | Shoals:2 | Reached skill level 1 in Spellcasting
 32569 | Shoals:2 | Reached skill level 1 in Hexes
 32618 | Shoals:3 | XOM: fog
 32629 | Shoals:2 | XOM: summons friendly white imp
 32771 | Shoals:3 | XOM: stat loss: -1 Str (14/17)
 32810 | Shoals:3 | XOM: noise
 32998 | Shoals:3 | XOM: god gift: scale mail {god gift}
 33030 | Shoals:3 | XOM: cast spell 'Necromutation'
 33037 | Shoals:3 | Gained mutation: You have a pair of large antennae on your
                  | head. (SInv) [demonic ancestry]
 33037 | Shoals:3 | Reached XP level 18. HP: 149/149 MP: 20/20
 33042 | Shoals:3 | XOM: confuse monster(s)
 33071 | Shoals:3 | XOM: polymorph merfolk aquamancer -> ghost moth
 33156 | Shoals:3 | XOM: 6-stop teleportation journey
 33283 | Shoals:3 | XOM: divination: magic mapping
 33475 | Shoals:3 | XOM: give mutations
 33475 | Shoals:3 | Lost mutation: You are very agile. (Dex +8, Str/Int -2)
                  | [Xom's mischief]
 33475 | Shoals:3 | Lost mutation: You passively dampen the noise of your
                  | surroundings. [Xom's mischief]
 33475 | Shoals:3 | Gained mutation: You are frail. (-10% HP) [Xom's mischief]
 33487 | Shoals:3 | XOM: potion effect (berserk rage)
 33570 | Shoals:3 | XOM: 3-stop teleportation journey
 33675 | Shoals:3 | XOM: divination: detect items
 33923 | Shoals:4 | Entered Level 4 of the Shoals
 34003 | Shoals:4 | XOM: 2-stop teleportation journey
 34016 | Shoals:4 | XOM: polymorph manticore -> glowing shapeshifter
 34334 | Shoals:4 | XOM: silly message
 34383 | Shoals:4 | XOM: divination: detect items
 34419 | Shoals:4 | Identified the ring "Syojul" {rCorr Str+3}
 34451 | Shoals:4 | XOM: blink monster(s)
 34453 | Shoals:4 | XOM: cast spell 'Death Channel'
 34511 | Shoals:4 | XOM: divination: detect creatures
 34588 | Shoals:4 | XOM: divination: detect creatures
 34624 | Shoals:4 | XOM: cast spell 'Summon Cactus Giant'
 34881 | Shoals:4 | XOM: noise
 34939 | Shoals:4 | XOM: cloud trail
 34994 | Shoals:4 | Got a barnacled rune of Zot
 34995 | Shoals:4 | Identified the +2 lajatang of Nyray {vorpal, rElec Stlth+}
 35267 | Spider:3 | XOM: summons friendly ufetubus
 35271 | Spider:3 | XOM: divination: magic mapping
 35283 | Spider:3 | XOM: 1-stop teleportation journey
 35335 | Spider:3 | XOM: scenery: summon butterflies
 35519 | Spider:2 | XOM: god gift: hand axe {god gift}
 35632 | Spider:2 | XOM: scenery: summon butterflies
 35778 | Spider:3 | XOM: cleaving
 36094 | Spider:4 | Entered Level 4 of the Spider Nest
 36095 | Spider:4 | XOM: summons friendly quasit
 36098 | Spider:4 | XOM: potion effect (haste)
 36109 | Spider:3 | XOM: swap monsters
 36118 | Spider:3 | XOM: enchant monster (good)
 36301 | Spider:3 | XOM is BORED!
 36323 | Spider:3 | XOM: summons 10 hostile demons
 36839 | Spider:4 | XOM: chaos cloud
 37128 | Spider:3 | XOM: give mutation
 37128 | Spider:3 | Gained mutation: Armour fits poorly on your strangely
                  | shaped body. [Xom's mischief]
 37339 | Spider:3 | XOM: enchant monster (good)
 37341 | Spider:3 | Upgraded the game from 0.30-a0-134-gb40fab5c76 to
                  | 0.30-a0-135-g630cfc4551
 37448 | Spider:4 | XOM: give mutations
 37448 | Spider:4 | Gained mutation: You are very agile. (Dex +8, Str/Int -2)
                  | [Xom's grace]
 37448 | Spider:4 | Gained mutation: You have very sharp teeth. [Xom's grace]
 37448 | Spider:4 | Gained mutation: Your natural rate of healing is unusually
                  | fast. [Xom's grace]
 37518 | Spider:4 | Reached skill level 5 in Hexes
 37573 | Spider:4 | XOM: 1-stop teleportation journey
 37642 | Spider:4 | XOM: fog
 37697 | Spider:4 | XOM: 10-stop teleportation journey
 37757 | Spider:4 | XOM: god gift: 27 gold pieces
 38048 | Spider:4 | XOM: smoke on damage
 38152 | Spider:4 | Reached skill level 16 in Fighting
 38242 | Spider:4 | Reached skill level 5 in Spellcasting
 38290 | Spider:4 | XOM: give mutations
 38290 | Spider:4 | Lost mutation: You are strong-willed. (Will+) [Xom's
                  | mischief]
 38290 | Spider:4 | Lost mutation: You are very agile. (Dex +8, Str/Int -2)
                  | [Xom's mischief]
 38395 | Spider:4 | Gained mutation: You have a sharp stinger which inflicts
                  | weakening toxins. [demonic ancestry]
 38395 | Spider:4 | Reached XP level 19. HP: 133/141 MP: 26/26
 38395 | Spider:4 | XOM: cleaving
 38573 | Spider:4 | XOM: smoke on damage
 38585 | Spider:4 | XOM: fake destruction
 38609 | Spider:4 | HP: 7/141 [disintegration (37)]
 38741 | Spider:4 | XOM: polymorph wolf spider -> faun
 38748 | Spider:4 | XOM: 4-stop teleportation journey
 38940 | Spider:4 | XOM: scenery: summon butterflies
 38950 | Spider:4 | XOM: polymorph butterfly -> bat
 39054 | Spider:4 | XOM: give mutations
 39054 | Spider:4 | Gained mutation: You possess an exceptional clarity of
                  | mind. [Xom's grace]
 39054 | Spider:4 | Gained mutation: You have hidden genetic potential. [Xom's
                  | grace]
 39069 | Spider:4 | XOM: god gift: 4 silver boomerangs
 39135 | Spider:4 | Got a gossamer rune of Zot
 39704 | Vaults:1 | Entered Level 1 of the Vaults
 39733 | Vaults:1 | XOM: fog
 39831 | Vaults:1 | XOM: summons 9 friendly demons
 39836 | Vaults:1 | XOM: polymorph crimson imp -> quasit
 39945 | Vaults:1 | XOM: 4-stop teleportation journey
 40327 | Vaults:1 | XOM: summons 2 hostile demons
 40387 | Vaults:1 | XOM: divination: magic mapping
 40826 | Vaults:1 | XOM: silly message
 40871 | Vaults:1 | Identified a scroll of acquirement
 40883 | Vaults:1 | Acquired 417 gold pieces
 41221 | Vaults:1 | XOM: silly message
 41386 | Vaults:1 | XOM: confuse monster(s)
 41388 | Vaults:1 | XOM: scenery: create altars
 41510 | Vaults:1 | XOM: smoke on damage
 41712 | Vaults:2 | XOM: confuse monster(s)
 41834 | Vaults:2 | Found a crumbling gateway.
 41866 | Desolati | Entered the Desolation of Salt
 41895 | Desolati | XOM: divination: magic mapping
 42340 | Desolati | XOM: scenery: create altars
 42395 | Desolati | XOM: chaos upgrade
 42400 | Desolati | XOM: confuse monster(s)
 42504 | Desolati | XOM: summons 10 hostile demons
 42628 | Desolati | Reached skill level 15 in Armour
 42639 | Desolati | XOM: scenery: summon butterflies
 42766 | Desolati | XOM: chaos upgrade
 42774 | Desolati | XOM: stat loss: -1 Dex (33/34)
 42967 | Desolati | Identified the +5 great sword "Wima" {vamp, Contam rElec
                  | rPois Int+5}
 43010 | Desolati | Got the Dissertation on Production
 43075 | Desolati | XOM: polymorph servant of whispers -> entropy weaver
 43122 | Desolati | XOM: swap monsters
 43179 | Desolati | XOM: give mutations
 43179 | Desolati | Lost mutation: You possess an exceptional clarity of mind.
                  | [Xom's mischief]
 43179 | Desolati | Lost mutation: You have a somewhat thin skeletal structure.
                  | (Dex +2, Stealth+) [Xom's mischief]
 43179 | Desolati | Lost mutation: Armour fits poorly on your strangely shaped
                  | body. [Xom's mischief]
 43227 | Desolati | Identified the amulet "Cyoc" {Reflect Will+ rCorr Str+7
                  | SH+5 Stlth-}
 43240 | Desolati | Identified the amulet of Ashenzari's Envy {Reflect +Blink
                  | Int-4 Dex+9 SH+5}
 43309 | Desolati | Gained mutation: Your touch may irresistibly damage your
                  | foes and sap their willpower. [demonic ancestry]
 43309 | Desolati | Reached XP level 20. HP: 128/137 MP: 27/27
 43458 | Vaults:2 | Reached skill level 10 in Evocations
 43533 | Vaults:2 | XOM: confuse monster(s)
 43601 | Vaults:2 | XOM: fake destruction
 43612 | Vaults:2 | XOM: noise
 43624 | Vaults:2 | Gained mutation: You expend magic power (3 MP) to
                  | strengthen your wands. [hidden potential]
 43832 | Vaults:2 | XOM: noise
 43855 | Vaults:2 | XOM: confuse monster(s)
 43870 | Vaults:2 | XOM: cleaving
 43905 | Vaults:2 | Reached skill level 17 in Fighting
 44034 | Vaults:2 | XOM: chaos cloud
 44037 | Vaults:2 | XOM: chaos cloud
 44046 | Vaults:2 | XOM: chaos upgrade
 44116 | Vaults:2 | XOM: god gift: scroll of fear
 44281 | Vaults:2 | XOM: smoke on damage
 44292 | Vaults:2 | XOM: enchant monster (good)
 44296 | Vaults:2 | XOM: potion effect (haste)
 44297 | Vaults:2 | XOM: confusion (+ monsters)
 44315 | Vaults:2 | Killed from afar by an ironbound thunderhulk

Illustrated notes

Levels and vault maps discovered:
D:1:      matt_arrival_grand_opening, layout_basic,
          hellmonk_ecumenical_altar_crossroads, st_stairs_9
D:2:      layout_basic, basic_altar, kennysheep_cross_room
D:3:      layout_basic, dreamdust_wishing_well, grunt_ministairs_9
D:4:      layout_basic, serial_shops, shop, minmay_door_square, corexii_shack
D:5:      layout_layer_cave, minmay_temple_entry_grid, nicolae_shop_unique_rings
D:6:      layout_basic, makhleb_blood_cavern_becter, nicolae_lava_and_water,
          kennysheep_pointless_box, uniq_blork_the_orc, uniq_pikel
D:7:      layout_gridville, vehumet_crystals, kennysheep_decorative_pillar
D:8:      layout_basic, minmay_overflow_temple_hex, uniq_erica
D:9:      layout_rooms, nemelex_diamond_rough_becter,
          grunt_lair_entry_orc_guard_hut, minivault_21, solitary_fountain,
          uniq_erolcha, uniq_maggie
D:10:     layout_roguey, nicolae_uskayaw_dance_studio,
          nicolae_tso_carved_into_rock, serial_rivers,
          chequers_serial_rivers_micro_b, chequers_serial_rivers_micro_b,
          chequers_serial_rivers_small_b, chequers_serial_rivers_micro_d,
          chequers_serial_rivers_large_a, chequers_serial_rivers_small_a,
          minmay_microvault
D:11:     layout_basic, erik_orc_1, gauntlet_entry_generic
D:12:     minmay_ornate_pinched, layout_gridville, uniq_azrael
D:13:     layout_long_grid, uniq_urug
D:14:     layout_gridville, grunt_vaults_entry_tiered, gammafunk_ghost_icy,
          amcnicky_mini_pool_small, minivault_4, uniq_kirke
D:15:     grunt_enter_depths_magical_seal, layout_long_grid,
          minmay_strange_pillars, special_room [special_room_mythical_zoo]
Lair:1:   layout_chaotic_city, dpeg_stationary_puzzle
Lair:2:   layout_chaotic_city, cheibrodos_lair_reptile_den
Lair:3:   layout_gridlike, elwin_shoals_entry_rooms,
          nicolae_spider_entry_non_spiders, portal_ice_cave_entry_imps,
          hellmonk_ghost_happy_afterlife, lemuel_fruit_fields
Lair:4:   layout_cave_pods, gammafunk_ghost_cemetery,
          infiniplex_staircase_pool_2
Lair:5:   evilmike_catoblepas_cave, layout_misc_corridors, slime_entry_1,
          grunt_megastairs_2, serial_bayou_shore_a, uniq_snorg
Shoals:1: layout_shoals, minmay_shop_mayhem,
          nicolae_shoals_beach_house_on_fowls_legs
Shoals:2: gammafunk_sealed_arena, layout_shoals
Shoals:3: layout_shoals, uniq_bai_suzhen
Shoals:4: shoals_end_hellmonk_lost_city, serial_shops
Spider:1: layout_spider_delve
Spider:2: layout_spider_delve, hellmonk_narrow_tunnel, uniq_roxanne
Spider:3: layout_spider_delve, nicolae_looking_at_the_future
Spider:4: grunt_spider_rune_circles, spiders_nest_spider_trap
Orc:1:    layout_diamond_mine
Orc:2:    grunt_orc_tribal_feast, layout_caves, nicolae_orc_lost_temple,
          uniq_donald
Vaults:1: grunt_vaults_hallway_short, st_lines, nicolae_vaults_triangles,
          nicolae_vaults_network_star, nicolae_vaults_puzzle_piece, v_misc_12,
          nicolae_vaults_little_squares_2, vaults_mumra_hexcomb,
          nicolae_vaults_mini_display_case, nicolae_vaults_little_squares_6,
          layout_vaults_chaotic_city
Vaults:2: portal_desolation_entry_twin_temple, ontoclasm_vaults_misaligned,
          hangedman_vaults_corner_blocks, nicolae_vaults_inception_statues,
          hangedman_vaults_slice, nicolae_vaults_what_the_h,
          hangedman_vaults_capsules, ontoclasm_vaults_eye,
          hangedman_vaults_snaps, ontoclasm_vaults_ring_small, serial_ice_h,
          nicolae_vaults_three_branches, vaults_dpeg_diagonal,
          layout_vaults_omnicross

Skill      XL: |  1  2  3  4  5  6  7  8  9 10 11 12 13 14 15 16 17 18 19 20 |
---------------+-------------------------------------------------------------+-----
Maces & Flails | 3 4 5 6 8 9 10 12 13 14 15 16 | 16.0
Fighting       | 4 5 6 7 8 9 10 12 13 14 15 16 17 | 17.1
Armour         | 2 4 5 8 9 10 11 12 13 14 15 | 15.4
Dodging        | 4 6 8 10 11 12 13 14 | 14.2
Ranged Weapons | 4 5 7 9 10 11 12 | 12.8
Evocations     | 3 6 8 9 10 | 10.6
Spellcasting   | 1 5 |  5.0
Hexes          | 2 5 6 |  6.9

Action                   |  1- 3 |  4- 6 |  7- 9 | 10-12 | 13-15 | 16-18 | 19-21 || total
-------------------------+-------+-------+-------+-------+-------+-------+-------++-------
Melee: Mace              |   147 |    27 |       |       |       |       |       ||   174
       Punch             |     1 |     3 |     4 |     4 |       |       |     5 ||    17
       Flail             |       |    82 |    73 |       |       |       |       ||   155
       Peck              |       |    15 |    52 |    97 |   100 |       |       ||   264
       Touch             |       |    19 |    16 |    81 |       |       |    80 ||   196
       Dire flail        |       |       |   157 |    78 |   984 |  1762 |   542 ||  3523
       Whip              |       |       |    32 |       |       |       |       ||    32
       Morningstar       |       |       |       |   248 |       |       |   278 ||   526
       Tailslap          |       |       |       |       |   221 |   411 |   231 ||   863
       Bite              |       |       |       |       |       |    40 |   182 ||   222
 Fire: Arbalest          |       |       |       |     3 |     7 |    15 |    31 ||    56
Throw: Javelin           |       |       |       |       |       |     8 |    20 ||    28
 Abil: Evoke Blink       |       |       |       |       |       |       |     1 ||     1
Evoke: Wand              |       |       |    11 |    11 |    13 |    20 |     1 ||    56
       Piece from Xom's  |       |       |       |     3 |       |       |       ||     3
       Condenser vane    |       |       |       |       |       |     3 |     3 ||     6
       Lightning rod     |       |       |       |       |       |     4 |     6 ||    10
  Use: Scroll            |       |     9 |    10 |     6 |     9 |    14 |     9 ||    57
       Potion            |       |       |     2 |     3 |    16 |    16 |     7 ||    44
 Stab: Sleeping          |       |     1 |     4 |     4 |     7 |    16 |    12 ||    44
       Invisible         |       |     3 |       |    11 |     6 |     4 |     8 ||    32
       Confused          |       |       |     2 |       |     5 |     8 |    11 ||    26
       Paralysed         |       |       |     1 |       |       |     1 |       ||     2
       Petrifying        |       |       |       |     1 |     1 |       |       ||     2
       Petrified         |       |       |       |     1 |     2 |       |     3 ||     6
       Distracted        |       |       |       |     3 |     4 |     8 |     4 ||    19
Armor: Leather armour    |    69 |    30 |    27 |       |       |       |       ||   126
       Robe              |       |       |    37 |     1 |       |       |       ||    38
       Gold dragon scale |       |       |     8 |       |       |       |       ||     8
       Swamp dragon scal |       |       |       |    94 |    54 |   117 |    36 ||   301
       Troll leather arm |       |       |       |     5 |    90 |   368 |    20 ||   483
       Quicksilver drago |       |       |       |       |    61 |       |   113 ||   174
       Skin              |       |       |       |       |     6 |       |       ||     6
Dodge: Dodged            |    98 |    56 |   127 |   185 |   642 |  1866 |   824 ||  3798
Block: Other             |       |       |       |       |       |       |    32 ||    32
       Reflection        |       |       |       |       |       |       |     6 ||     6

Table legend: (Time is in decaauts)
 A = Elapsed time spent in this place.
 B = Non-inter-level travel time spent in this place.
 C = Inter-level travel time spent in this place.
 D = Time resting spent in this place.
 E = Time spent auto-exploring this place.
 F = Levels seen in this place.
 G = Mean time per level.
                   A        B        C        D        E       F      G
               +--------+--------+--------+--------+--------+-----+--------+
         Total |  43279 |  41494 |   1785 |    602 |  31156 |  34 | 1272.9 |
       Dungeon |  16449 |  15690 |    759 |     66 |  12788 |  15 | 1096.6 |
          Lair |   8698 |   8158 |    540 |      9 |   6644 |   5 | 1739.6 |
        Shoals |   4298 |   4106 |    192 |    181 |   2326 |   4 | 1074.5 |
   Spider Nest |   6708 |   6462 |    246 |    137 |   4591 |   4 | 1677.0 |
  Orcish Mines |   2204 |   2159 |     45 |     89 |   1656 |   2 | 1102.0 |
        Vaults |   2918 |   2917 |      1 |     18 |   2020 |   2 | 1459.0 |
    Desolation |   1453 |   1453 |      0 |     65 |    903 |   1 | 1453.0 |
      Gauntlet |    549 |    549 |      0 |     37 |    226 |   1 |  549.0 |
               +--------+--------+--------+--------+--------+-----+--------+

Top non-repeatable levels by time:
  Lair:5: 2000 daAuts
Spider:4: 2000 daAuts
Vaults:1: 1898 daAuts
  Lair:3: 1844 daAuts
Spider:2: 1803 daAuts
  Lair:4: 1785 daAuts
     D:7: 1762 daAuts
  Lair:2: 1748 daAuts
     D:6: 1712 daAuts
Spider:3: 1702 daAuts
Desolation: 1453 daAuts
Shoals:3: 1442 daAuts
  Lair:1: 1318 daAuts
     D:4: 1264 daAuts
   Orc:1: 1219 daAuts
